 Dungeon Crawl Stone Soup version 0.29-a0-757-g358383bc75 (webtiles) character file.

Game seed: 10447968085749898978

246092 coolguy69 the Warrior (level 19, -5/112 HPs)
             Began as a Vine Stalker Monk on July 1, 2022.
             Was the Champion of Okawaru.
             Splashed by a brown ugly thing's acid (9 damage)
             ... on level 15 of the Dungeon.
             The game lasted 01:07:48 (32049 turns).

coolguy69 the Warrior (Vine Stalker Monk)          Turns: 32049, Time: 01:07:49

Health: -5/112     AC: 34    Str: 14    XL:     19   Next: 49%
Magic:  0/31       EV: 23    Int: 12    God:    Okawaru [******]
Gold:   1849       SH: 13    Dex: 38    Spells: 18/18 levels left

rFire   + . .      SeeInvis .   L - +8 rapier "Plojy" {venom, rElec Int+2}
rCold   . . .      Faith    .   i - +1 buckler {rPois}
rNeg    . . .      Spirit   +   f - +8 chain mail of Kihiy {Regen+ Dex+4}
rPois   +          Reflect  .   Q - +2 hat "Jupusih" {Dex+3 Slay+3}
rElec   +          Harm     .   G - scarf {repulsion}
rCorr   .          Rampage  .   B - +1 pair of gloves
Will    ++...                   E - +2 pair of boots {Fly}
Stlth   ++++++....              d - amulet of regeneration
HPRegen 2.68/turn               e - +6 ring of dexterity
MPRegen 0.22/turn               N - ring of the Octopus King {rF+ HP+2 AC+2 EV+2 SH+2}

@: heroic, flying, repel missiles
A: fangs 3, regeneration 1, magic shield, antimagic bite, no potion heal 2
}: 2/15 runes: decaying, serpentine
a: Renounce Religion, Heroism, Finesse, Duel


You were on level 15 of the Dungeon.
You worshipped Okawaru.
Okawaru was exalted by your worship.
You visited 6 branches of the dungeon, and saw 32 of its levels.
You also visited: Ossuary.

You collected 3174 gold pieces.
You spent 1325 gold pieces at shops.

Inventory:

Hand Weapons
 F - a +5 quick blade of freezing
 L - the +8 rapier "Plojy" (weapon) {venom, rElec Int+2}
   (You found it on level 6 of the Lair of Beasts)

   It poisons the flesh of those it strikes.
   Int:       It affects your intelligence (+2).
   rElec:     It insulates you from electricity.
Missiles
 g - 8 throwing nets (quivered)
Armour
 f - the +8 chain mail of Kihiy (worn) {Regen+ Dex+4}
   (Okawaru gifted it to you on level 11 of the Dungeon)

   Dex:       It affects your dexterity (+4).
   Regen:     It increases your rate of health regeneration.
 i - a +1 buckler of poison resistance (worn)
 B - a +1 pair of gloves (worn)
 E - a +2 pair of boots of flying (worn)
 G - a scarf of repulsion (worn)
 O - a +2 pair of boots of stealth
 Q - the +2 hat "Jupusih" (worn) {Dex+3 Slay+3}
   (Okawaru gifted it to you on level 3 of the Snake Pit)

   Dex:       It affects your dexterity (+3).
   Slay:      It affects your accuracy & damage with ranged weapons and melee
   (+3).
Jewellery
 a - a ring of magical power
 d - an amulet of regeneration (around neck)
 e - a +6 ring of dexterity (left hand)
 k - a ring of ice
 m - a ring of wizardry
 n - a ring of magical power
 A - a ring of poison resistance
 M - a ring of see invisible
 N - a ring of the Octopus King (right hand) {rF+ HP+2 AC+2 EV+2 SH+2}
   (You bought it in a shop on level 2 of the Orcish Mines)

   [ring of protection from fire]

   AC:        It affects your AC (+2).
   EV:        It affects your evasion (+2).
   rF:        It protects you from fire.
   HP:        It affects your health (+2).
   SH:        It affects your SH (+2).
 S - an amulet of magic regeneration
 T - a +6 ring of intelligence
Wands
 h - a wand of polymorph (3)
 j - a wand of flame (26)
 o - a wand of mindburst (14)
 w - a wand of paralysis (25)
 z - a wand of digging (7)
 D - a wand of iceblast (20)
Scrolls
 b - 4 scrolls of fear
 l - 10 scrolls of magic mapping
 s - 14 scrolls of teleportation
 u - 2 scrolls of vulnerability
 y - 4 scrolls of silence
 C - 14 scrolls of identify
 R - a scroll of fog
 U - a scroll of enchant armour
 V - a scroll of amnesia
 X - a scroll of blinking
 Y - a scroll of acquirement
Potions
 c - 5 potions of cancellation
 p - 12 potions of flight
 q - 10 potions of mutation
 r - 4 potions of brilliance
 t - 15 potions of curing
 v - 3 potions of resistance
 x - 3 potions of might
 H - 2 potions of attraction
 I - 2 potions of haste
 J - 3 potions of berserk rage
 K - a potion of invisibility
 P - 4 potions of magic
 W - a potion of ambrosia


   Skills:
 + Level 16.3(21.3) Fighting
 - Level 10.3(15.3) Short Blades
 + Level 14.8(19.8) Armour
 + Level 10.7(15.7) Dodging
 + Level 15.2(20.2) Stealth
 - Level 5.0(10.0) Shields
 + Level 0.2(5.2) Unarmed Combat
 - Level 15.0 Invocations


You had 18 spell levels left.
You didn't know any spells.
Your spell library contained the following spells:

 Spells                   Type           Power      Damage    Failure   Level
 Apportation              Tloc           0%         N/A       95%         1
 Sandblast                Erth           0%         2d4       95%         1
 Slow                     Hex            0%         N/A       95%         1
 Blink                    Tloc           0%         N/A       99%         2
 Passwall                 Tmut/Erth      0%         N/A       99%         2
 Confusing Touch          Hex            0%         N/A       100%        3
 Mephitic Cloud           Conj/Pois/Air  0%         N/A       100%        3
 Portal Projectile        Hex/Tloc       0%         N/A       100%        3
 Stone Arrow              Conj/Erth      0%         3d7       100%        3
 Vampiric Draining        Necr           0%         2d6       100%        3
 Cause Fear               Hex            0%         N/A       100%        4
 Fulminant Prism          Conj/Hex       0%         3d6       100%        4
 Ice Form                 Ice/Tmut       0%         N/A       100%        4
 Leda's Liquefaction      Hex/Erth       0%         N/A       100%        4
 Alistair's Intoxication  Tmut/Pois      0%         N/A       100%        5
 Iskenderun's Battlesphe  Conj           0%         2d6       100%        5
 Manifold Assault         Tloc           0%         N/A       100%        5
 Yara's Violent Unravell  Hex/Tmut       0%         3d3       100%        5
 Dispersal                Tloc           0%         N/A       100%        6
 Enfeeble                 Hex            0%         N/A       100%        7
 Orb of Destruction       Conj           0%         9d5       100%        7
 Storm Form               Tmut/Air       0%         N/A       100%        7
 Disjunction              Tloc           0%         N/A       100%        8
 Shatter                  Erth           0%         3d5*      100%        9
 Call Canine Familiar     Summ           Unusable   N/A       N/A         3
 Summon Guardian Golem    Hex/Summ       Unusable   N/A       N/A         3
 Spellforged Servitor     Conj/Summ      Unusable   N/A       N/A         7

Dungeon Overview and Level Annotations

Branches:
Dungeon (15/15)            Temple (1/1) D:6            Lair (6/6) D:11
  Swamp (4/4) Lair:4        Snake (4/4) Lair:2        Slime (0/5) Lair:5
    Orc (2/2) D:10            Elf (0/3) Orc:2        Vaults (0/5) D:13
Ossuary (visited)
 Depths: D:15

Altars:
Ashenzari
Elyvilon
Kikubaaqudgha
Makhleb
Okawaru
Qazlal
Vehumet
Wu Jian
Xom
Zin
The Shining One
Jiyva

Shops:
Orc:2 =*=?=   Snake:1 !:


Innate Abilities, Weirdness & Mutations

You have razor-sharp teeth.
Your natural rate of healing is unusually fast.
When hurt, damage is shared between your health and your magic reserves.
Your bite disrupts and absorbs the magic of your enemies.
Potions cannot restore your health.


Message History

You are no longer corroded.
The two-headed ogre's soul is no longer bound.
The brown ugly thing tail-slaps you but does no damage.
You block the two-headed ogre simulacrum's attack.
The two-headed ogre simulacrum hits you!
The two-headed ogre simulacrum freezes you!!
* * * LOW HITPOINT WARNING * * *
The manticore bites you but does no damage.
The manticore claws you but does no damage.
The manticore closely misses you. The ettin hits you but does no damage.
The ettin hits you with a +0 dire flail!
* * * LOW HITPOINT WARNING * * *
Unknown command.
You gain the combat prowess of a mighty hero.
The brown ugly thing completely misses you.
The manticore bites you but does no damage.
You block the manticore's attack. The manticore completely misses you.
The ettin misses you.
The ettin hits you with a +0 dire flail!
* * * LOW HITPOINT WARNING * * *
You hit the ettin.
The ettin looks as sick as possible!
You bite the ettin, but do no damage.
The ettin is almost dead.
You puncture the ettin!
You kill the ettin!
Okawaru accepts your kill.
The cyclops's soul is no longer bound.
The brown ugly thing tail-slaps you.
* * * LOW HITPOINT WARNING * * *
You are splashed with acid!
* * * LOW HITPOINT WARNING * * *
The two-headed ogre simulacrum closely misses you. x2
The manticore closely misses you. You block the manticore's attack.
The manticore barely misses you.
You puncture the two-headed ogre simulacrum!
You bite the two-headed ogre simulacrum!
The two-headed ogre simulacrum vaporises!
The brown ugly thing tail-slaps you.
* * * LOW HITPOINT WARNING * * *
You are splashed with acid!
You die...

....#........
#............
........#...
......#....
#....#....#
#........#
####†[....#
...#######u.......#
........☼@HO{....##
.......###uCO....#
# ..##### #####..##
# ##...## #
#.....## ##
#...##..## #.
#.=.####..### #.
#..# ##...###. #..#
##...##.


You could see 2 ugly things, a two-headed ogre, a manticore, a cyclops and an
ogre.

Vanquished Creatures
  Jorgrun (Snake:1)
  3 tentacled monstrosities
  Kirke (Lair:6)
  6 nagarajas
  A thorn hunter (Swamp:3)
  An orc warlord (Orc:2)
  A very ugly thing (Swamp:4)
  2 green draconians (Swamp:2)
  Nessos (Orc:2)
  6 eleionomae
  4 bunyips
  A shambling mangrove (Swamp:3)
  4 green deaths
  An ettin (D:15)
  Harold (Lair:2)
  A rakshasa (D:14)
  2 catoblepae
  Fannar (Orc:1)
  A salamander tyrant (Snake:4)
  18 hydras
  5 boulder beetles
  3 vault guards (D:13)
  7 ghost crabs
  A merfolk avatar (Lair:6)
  13 anacondas
  6 centaur warriors
  5 ogre magi
  21 two-headed ogres
  9 death yaks
  13 naga warriors
  13 alligators
  11 naga sharpshooters
  9 slime creatures
  A tengu warrior (D:14)
  7 shock serpents
  Urug (Lair:5)
  A thrashing horror (Swamp:4)
  A deep elf knight (D:13)
  2 salamander mystics
  5 skeletal warriors (D:15)
  6 goliath frogs
  8 spriggan druids
  A sea snake (Snake:1)
  12 swamp dragons
  16 naga ritualists
  2 deep trolls (D:15)
  A deep elf archer (D:13)
  5 orc knights
  8 bog bodies
  12 ugly things
  2 deep elf pyromancers
  2 wolf spiders (Lair:3)
  A deep elf zephyrmancer (D:11)
  A necromancer (D:15)
  11 salamanders
  4 cyclopes
  2 orc sorcerers
  15 mana vipers
  7 will-o-the-wisps
  6 manticores
  14 elephants
  A guardian serpent (Snake:3)
  An orange demon (Swamp:4)
  4 apocalypse crabs (Swamp:3)
  21 naga magi
  10 cane toads
  A gargoyle (D:13)
  45 black mambas
  A freezing wraith (D:15)
  3 unseen horrors
  14 komodo dragons
  Psyche (D:11)
  5 rime drakes
  A tengu conjurer (D:13)
  5 trolls
  4 polar bears
  12 hornets
  A wind drake (Lair:6)
  9 tyrant leeches
  A snapping turtle (Lair:6)
  29 blink frogs
  5 shadows
  6 water elementals (D:15)
  4 wraiths
  11 spriggans
  41 yaks
  6 wyverns
  5 hogs
  2 large abominations (Swamp:4)
  A small abomination (Swamp:4)
  3 humans
  6 basilisks
  A steam dragon (D:8)
  2 vampire mosquitoes (D:13)
  16 swamp worms
  4 wargs
  3 acid dragons
  31 nagas
  4 swamp drakes
  9 water moccasins
  2 black bears
  2 ice beasts (D:7)
  25 orc warriors
  A sky beast (D:8)
  27 ogres
  16 centaurs
  13 wolves
  2 phantoms
  21 bullfrogs
  3 kobold brigands
  2 scorpions
  2 necrophages
  4 wights (D:8)
  2 vampire bats (D:10)
  5 howler monkeys
  6 electric eels
  A lava snake (Lair:5)
  3 hounds
  5 jellies
  17 orc priests
  A gnoll shaman (D:8)
  10 iguanas
  Natasha (D:3)
  23 orc wizards
  A mummy (Ossuary)
  7 gnolls
  14 adders
  A shadow imp (D:6)
  3 white imps
  A worm (D:2)
  4 dart slugs
  78 orcs
  2 spectral bats (Ossuary)
  7 ball pythons
  3 bat skeletons (D:10)
  A bat zombie (D:10)
  9 endoplasms
  A giant cockroach (D:3)
  12 gnoll zombies (Ossuary)
  4 hobgoblins
  4 jackals (D:1)
  10 quokkas
  7 bats
  2 bat simulacra (Ossuary)
  7 frilled lizards
  11 goblins
  2 goblin simulacra (Ossuary)
  5 goblin zombies
  3 hobgoblin zombies (Ossuary)
  19 kobolds
  3 kobold simulacra (Ossuary)
  5 kobold zombies (Ossuary)
  6 orc zombies (Ossuary)
  A quokka zombie (D:8)
  6 rats
  5 rat simulacra (Ossuary)
  3 spectral goblins (Ossuary)
  A spectral kobold (Ossuary)
  3 spectral rats (Ossuary)
  A fire vortex (Lair:5)
1102 creatures vanquished.

Vanquished Creatures (others)
  An ogre mage (D:15)
  An alligator (Swamp:4)
  A spriggan druid (Swamp:3)
  A naga mage (Snake:3)
  A bloated husk (Swamp:1)
  A ball python (D:3)
  An endoplasm (D:3)
  A goblin (D:3)
  A kobold (D:3)
  A bush (Lair:3)
  30 foxfires
  24 fungi
  60 plants
124 creatures vanquished.

Grand Total: 1226 creatures vanquished

Notes
Turn   | Place    | Note
-------+----------+-------------------------------------------
     0 | D:1      | coolguy69 the Vine Stalker Monk began the quest for the
                  | Orb.
     0 | D:1      | Reached XP level 1. HP: 11/11 MP: 2/2
   105 | D:1      | Reached XP level 2. HP: 3/16 MP: 1/3
   377 | D:1      | Reached skill level 3 in Fighting
   797 | D:1      | Reached XP level 3. HP: 20/20 MP: 4/4
   812 | D:1      | Found a faded altar of an unknown god.
  1421 | D:2      | You fall into a shaft and drop 2 floors!
  1524 | D:4      | HP: 1/20 [gnoll/+0 flail (4)]
  1940 | D:4      | Noticed a necrophage
  1956 | D:4      | Gained mutation: Your natural rate of healing is unusually
                  | fast. [Vine Stalker growth]
  1956 | D:4      | Reached XP level 4. HP: 8/24 MP: 5/5
  1960 | D:4      | Killed a necrophage
  1964 | D:4      | Reached XP level 5. HP: 19/28 MP: 4/6
  2872 | D:3      | Found a stormy altar of Qazlal.
  3259 | D:3      | Noticed a phantom
  3313 | D:3      | Killed a phantom
  3314 | D:3      | Reached XP level 6. HP: 32/32 MP: 7/7
  3514 | D:3      | Noticed Natasha
  3521 | D:3      | Killed Natasha
  3522 | D:3      | Reached skill level 1 in Shields
  4778 | D:5      | Entered Level 5 of the Dungeon
  4809 | D:5      | Reached skill level 5 in Stealth
  4860 | D:5      | Reached skill level 1 in Armour
  4860 | D:5      | Reached XP level 7. HP: 37/37 MP: 8/8
  5265 | D:5      | Found a glowing silver altar of Zin.
  5265 | D:5      | Noticed an angel
  5857 | D:6      | Found a staircase to the Ecumenical Temple.
  5886 | D:6      | Reached skill level 4 in Fighting
  5890 | Temple   | Entered the Ecumenical Temple
  5940 | Temple   | Became a worshipper of Warmaster Okawaru
  5940 | Temple   | Reached * piety under Okawaru
  5940 | Temple   | Reached ** piety under Okawaru
  6132 | D:6      | Gained mutation: You have razor-sharp teeth. [Vine Stalker
                  | growth]
  6132 | D:6      | Reached XP level 8. HP: 36/42 MP: 9/9
  6680 | D:7      | Reached skill level 5 in Short Blades
  6931 | D:7      | Reached skill level 1 in Invocations
  6957 | D:7      | Found a broken altar of Ashenzari.
  7051 | D:7      | Found an ornate altar of the Wu Jian Council.
  7262 | D:7      | Reached *** piety under Okawaru
  7546 | D:7      | Reached XP level 9. HP: 28/46 MP: 11/11
  7969 | D:8      | Reached **** piety under Okawaru
  8038 | D:8      | Found a sand-covered staircase.
  8070 | Ossuary  | Entered an ossuary
  8360 | D:8      | Reached skill level 5 in Fighting
  8593 | D:8      | Noticed a two-headed ogre
  8611 | D:8      | Killed a two-headed ogre
  8612 | D:8      | Reached XP level 10. HP: 40/51 MP: 14/14
  8616 | D:8      | Reached ***** piety under Okawaru
  9430 | D:9      | Reached skill level 5 in Dodging
  9430 | D:9      | Reached skill level 5 in Invocations
  9964 | D:10     | Entered Level 10 of the Dungeon
 10147 | D:10     | Noticed a two-headed ogre
 10163 | D:10     | Killed a two-headed ogre
 10164 | D:10     | Reached skill level 5 in Armour
 10463 | D:10     | Found an ancient bone altar of Kikubaaqudgha.
 10472 | D:10     | Received a gift from Okawaru
 10732 | D:10     | Found a staircase to the Orcish Mines.
 10905 | D:11     | Found a runed translucent door.
 10908 | D:11     | Noticed a deep elf pyromancer
 10915 | D:11     | Noticed a deep elf zephyrmancer
 10915 | D:11     | Noticed a centaur warrior
 10915 | D:11     | Noticed a manticore
 10916 | D:11     | Noticed a boulder beetle
 10920 | D:11     | Noticed a boulder beetle
 10921 | D:11     | Noticed a cyclops
 10973 | D:11     | Killed an unseen horror
 10992 | D:11     | Noticed Psyche
 10994 | D:11     | Killed Psyche
 11038 | D:11     | Found a staircase to the Lair.
 11107 | D:11     | Noticed a manticore
 11110 | D:11     | Killed a manticore
 11111 | D:11     | Reached XP level 11. HP: 56/56 MP: 16/16
 11116 | D:11     | Noticed a two-headed ogre
 11124 | D:11     | Killed a two-headed ogre
 11152 | D:11     | Noticed a purple ugly thing
 11171 | D:11     | Killed a purple ugly thing
 11202 | D:11     | Noticed a skeletal warrior
 11202 | D:11     | Noticed a skeletal warrior
 11203 | D:11     | Noticed a skeletal warrior
 11209 | D:11     | Noticed a skeletal warrior
 11213 | D:11     | Reached skill level 5 in Shields
 11334 | Lair:1   | Entered Level 1 of the Lair of Beasts
 11370 | Lair:1   | Reached skill level 6 in Fighting
 11380 | Lair:1   | Received a gift from Okawaru
 11595 | Lair:1   | Identified the +5 falchion "Micean" {vorpal, Int+6}
                  | (Okawaru gifted it to you on level 1 of the Lair of Beasts)
 11595 | Lair:1   | Received a gift from Okawaru
 11641 | Lair:1   | Found a dark tunnel.
 11670 | Lair:1   | Reached XP level 12. HP: 62/62 MP: 18/18
 12387 | Lair:2   | Reached skill level 7 in Fighting
 12412 | Lair:2   | Noticed Harold
 12429 | Lair:2   | Killed Harold
 12542 | Lair:2   | Reached ****** piety under Okawaru
 12576 | Lair:2   | Found a staircase to the Snake Pit.
 13421 | D:6      | Identified the +4 dagger of Law {spect, rC++ Dex+4}
 13598 | D:11     | Killed a boulder beetle
 13599 | D:11     | Reached skill level 10 in Stealth
 13611 | D:11     | Killed a boulder beetle
 13622 | D:11     | Reached skill level 10 in Short Blades
 13627 | D:11     | Killed a centaur warrior
 13644 | D:11     | Identified the +7 dire flail of the Chickpea {flame, Drain
                  | rN++ Str-3 Int+2}
 13657 | D:11     | Identified the +3 dire flail of the Iron City of Dis
                  | {vorpal, Dex+4}
 13810 | D:11     | Identified the +8 chain mail of Kihiy {Regen+ Dex+4}
                  | (Okawaru gifted it to you on level 11 of the Dungeon)
 13810 | D:11     | Received a gift from Okawaru
 13900 | D:11     | Reached XP level 13. HP: 66/67 MP: 20/20
 15079 | Lair:3   | Reached skill level 8 in Fighting
 15598 | Lair:4   | Got the Almanac of Destructive Cold
 15873 | Lair:4   | Received a gift from Okawaru
 16010 | Lair:4   | Reached skill level 10 in Invocations
 16417 | Lair:4   | Found a staircase to the Swamp.
 16424 | Lair:4   | Reached skill level 9 in Fighting
 16424 | Lair:4   | Reached XP level 14. HP: 53/75 MP: 22/22
 16889 | Lair:5   | Found a staircase to the Slime Pits.
 16889 | Lair:5   | Found a viscous altar of Jiyva.
 17238 | Lair:5   | Identified the +11 crystal plate armour "Tenetet" {-Tele
                  | Str+6} (Okawaru gifted it to you on level 5 of the Lair of
                  | Beasts)
 17238 | Lair:5   | Received a gift from Okawaru
 17570 | Lair:5   | Noticed Urug
 17577 | Lair:5   | Killed Urug
 17727 | Lair:6   | Entered Level 6 of the Lair of Beasts
 18180 | Lair:6   | Reached skill level 10 in Fighting
 18187 | Lair:6   | Noticed Kirke
 18194 | Lair:6   | Reached skill level 10 in Armour
 18205 | Lair:6   | Killed Kirke
 18454 | Lair:6   | Received a gift from Okawaru
 18493 | Lair:6   | Identified the +8 rapier "Plojy" {venom, rElec Int+2}
 18504 | Lair:6   | Identified the +1 robe of Coreuj {Str+3}
 18956 | Orc:1    | Entered Level 1 of the Orcish Mines
 19051 | Orc:1    | Noticed Fannar
 19072 | Orc:1    | Killed Fannar
 19424 | Orc:2    | Entered Level 2 of the Orcish Mines
 19430 | Orc:2    | Noticed Nessos
 19444 | Orc:2    | Killed Nessos
 19445 | Orc:2    | Reached XP level 15. HP: 81/81 MP: 24/24
 19578 | Orc:2    | Found Uppeneirr's Jewellery Shoppe.
 19596 | Orc:2    | Noticed an orc warlord
 19625 | Orc:2    | Killed an orc warlord
 19755 | Orc:2    | Found a staircase to the Elven Halls.
 19874 | Orc:2    | Identified the +2 cloak of the Game of Kings {rF+} (Okawaru
                  | gifted it to you on level 2 of the Orcish Mines)
 19874 | Orc:2    | Received a gift from Okawaru
 19890 | Orc:2    | Reached skill level 11 in Fighting
 20049 | Orc:2    | Found Wycwooreud's Magic Scroll Boutique.
 20049 | Orc:2    | Found Anaej's General Store.
 20050 | Orc:2    | Found Necuga Jasi's Jewellery Shoppe.
 20050 | Orc:2    | Found Kufut's Jewellery Shop.
 20069 | Orc:2    | Bought a scroll of enchant armour for 105 gold pieces
 20070 | Orc:2    | Bought a ring of the Octopus King {rF+ HP+2 AC+2 EV+2 SH+2}
                  | for 900 gold pieces
 20070 | Orc:2    | Found the ring of the Octopus King {rF+ HP+2 AC+2 EV+2
                  | SH+2}
 20648 | Orc:2    | Bought a ring of poison resistance for 320 gold pieces
 20932 | Swamp:1  | Entered Level 1 of the Swamp
 21332 | Swamp:1  | Received a gift from Okawaru
 21369 | Swamp:1  | Noticed a tentacled monstrosity
 21386 | Swamp:1  | Killed a tentacled monstrosity
 21387 | Swamp:1  | Reached skill level 12 in Fighting
 21519 | Swamp:1  | Noticed a tentacled monstrosity
 21544 | Swamp:1  | Killed a tentacled monstrosity
 21838 | Swamp:2  | Reached XP level 16. HP: 88/88 MP: 26/26
 21881 | Swamp:2  | Received a gift from Okawaru
 22071 | Swamp:2  | Identified the +5 ring mail of Aploer {rF+ Stlth+}
 22568 | Swamp:3  | Noticed a thorn hunter
 22593 | Swamp:3  | Killed a thorn hunter
 22642 | Swamp:3  | Identified the +4 dagger of Distant Shores {vorpal, Fly
                  | rN++ Int+3 Dex-3} (Okawaru gifted it to you on level 3 of
                  | the Swamp)
 22642 | Swamp:3  | Received a gift from Okawaru
 22654 | Swamp:3  | Found a runed translucent door.
 22898 | Swamp:3  | Identified the +1 chain mail of Quiescent Miracles {rN+
                  | MP-9 Int+3} (Okawaru gifted it to you on level 3 of the
                  | Swamp)
 22898 | Swamp:3  | Received a gift from Okawaru
 22943 | Swamp:3  | Identified the +0 trident of Tartarus {vorpal, Fragile
                  | Int+10}
 22945 | Swamp:3  | Got the Papyrus of Supportive Hexes
 23034 | Swamp:3  | Got Codyump's Catalogue of the Dusty Oath
 23045 | Swamp:3  | Reached skill level 13 in Fighting
 23576 | Swamp:4  | Entered Level 4 of the Swamp
 23805 | Swamp:4  | Reached XP level 17. HP: 60/95 MP: 18/27
 23872 | Swamp:4  | Noticed a tentacled monstrosity
 23879 | Swamp:4  | Killed a tentacled monstrosity
 23883 | Swamp:4  | Got a decaying rune of Zot
 24133 | Swamp:4  | Identified the +5 war axe of the Genius {vorpal, Str+10
                  | Int-4} (Okawaru gifted it to you on level 4 of the Swamp)
 24133 | Swamp:4  | Received a gift from Okawaru
 24387 | Swamp:4  | Reached skill level 14 in Fighting
 24696 | Snake:1  | Entered Level 1 of the Snake Pit
 24919 | Snake:1  | Found Potum's Vocational Training.
 25051 | Snake:1  | Noticed Jorgrun
 25066 | Snake:1  | Killed Jorgrun
 25066 | Snake:1  | Received a gift from Okawaru
 25174 | Snake:1  | Found Emmaxtiqi's Distillery.
 26497 | Snake:2  | Reached XP level 18. HP: 102/102 MP: 29/29
 26739 | Snake:3  | Reached skill level 10 in Dodging
 26911 | Snake:3  | Identified the +2 hat "Jupusih" {Dex+3 Slay+3} (Okawaru
                  | gifted it to you on level 3 of the Snake Pit)
 26911 | Snake:3  | Received a gift from Okawaru
 27281 | Snake:3  | Found a runed translucent door.
 27337 | Snake:3  | Reached skill level 15 in Fighting
 27941 | Snake:4  | Entered Level 4 of the Snake Pit
 28338 | Snake:4  | HP: 5/106 [salamander/+0 glaive (1)]
 28340 | Snake:4  | HP: 1/106 [poisoned by a naga warrior (splash of poison)]
 28345 | Snake:4  | HP: 5/106 [poisoned by a naga warrior (splash of poison)]
 28504 | Snake:4  | HP: 3/106 [poisoned by a naga mage (bolt of poison)]
 28509 | Snake:4  | HP: 5/106 [poisoned by a naga mage (bolt of poison)]
 28514 | Snake:4  | HP: 5/106 [poisoned by a naga mage (bolt of poison)]
 28514 | Snake:4  | HP: 2/106 [naga mage/splash of poison (3)]
 28784 | Snake:4  | Identified the +4 rapier of Defiance {vorpal, rPois rF++
                  | rC+ Dex-4} (Okawaru gifted it to you on level 4 of the
                  | Snake Pit)
 28784 | Snake:4  | Received a gift from Okawaru
 28834 | Snake:4  | Got a serpentine rune of Zot
 29040 | Snake:4  | Reached XP level 19. HP: 46/109 MP: 26/31
 30424 | D:13     | Reached skill level 15 in Invocations
 30568 | D:13     | Reached skill level 16 in Fighting
 30762 | D:13     | Received a gift from Okawaru
 30867 | D:13     | Found a gate to the Vaults.
 31149 | D:14     | Found a shimmering altar of Xom.
 31606 | D:15     | Entered Level 15 of the Dungeon
 31646 | D:15     | Reached skill level 15 in Stealth
 31765 | D:15     | Identified a scroll of acquirement
 32048 | D:15     | HP: 5/112 [acid (6)]
 32049 | D:15     | Splashed by a brown ugly thing's acid

Illustrated notes

Levels and vault maps discovered:
D:1:      zaba_arrival_water, layout_basic,
          ebering_ecumenical_altar_sacrificial, minmay_hexomino_f4
D:2:      layout_loops_corners, feat_on_display
D:3:      layout_loops_ring, grunt_qazlal_clouds, small_statue_intersection,
          minmay_misc_feat_roman, serial_bayou_pond_c, minmay_fractal_squares_5,
          uniq_natasha
D:4:      layout_basic
D:5:      layout_basic, zin_angel, minmay_crossroads
D:6:      layout_basic, minmay_temple_entry_trees
D:7:      layout_basic, mainiacjoe_overflow_alcove_1, evilmike_ruin_ashenzari,
          hangedman_abyss_or_decor_passed, kennysheep_cluttered_room,
          grunt_livestock, kennysheep_generic_room_7
D:8:      layout_loops_corners, enter_ossuary_4
D:9:      layout_grid_maze
D:10:     layout_loops_ring, kennysheep_vampire_church, orc_0_dummy
D:11:     layout_loops_corners, lair_entry_dummy, minmay_st_funbox, uniq_psyche
D:12:     layout_loops_cross
D:13:     layout_irregular_city, grunt_vaults_entry_fortified
D:14:     layout_small_grid, lemuel_round_altar
D:15:     hangedman_depths_entry_civil_slaughter, layout_layer_cave,
          minmay_misc_feat_square, chequers_big_river
Temple:   bh_familiar_temple
Lair:1:   beast_lair_carwin_large_4, layout_long_grid,
          nicolae_volcano_entry_lava_flow, lemuel_fruit_fields
Lair:2:   layout_cave_pods, guppyfry_snake_entry_island, lemuel_fruit_tree,
          uniq_harold
Lair:3:   minmay_lair_venomous_thicket, layout_cave_pods
Lair:4:   layout_cave_pods, nicolae_swamp_entry_splash_gauntlet,
          infiniplex_staircase_pool_2
Lair:5:   layout_gridlike, minmay_slime_entry_pillars, uniq_urug
Lair:6:   gammafunk_lair_ancient_temple, layout_regular_city,
          lemuel_fruit_fields, uniq_kirke
Swamp:1:  cheibrodos_swamp_monstrosity, layout_basic_swamp,
          evilmike_swamp_ruin_house_5, swamp_pool1
Swamp:2:  layout_basic_swamp, evilmike_swamp_ruin_house_3, hangedman_swamp_dais
Swamp:3:  gammafunk_mikee_crab_dinner, layout_falls_marsh,
          evilmike_swamp_ruin_rubble_1
Swamp:4:  swamp_vile, layout_basic_swamp
Snake:1:  layout_onion_interference, serial_shops, nicolae_shop_trees,
          nicolae_snake_snake_lake, nicolae_shop_vocational, uniq_jorgrun
Snake:2:  layout_onion_interference
Snake:3:  cheibrodos_toxic_ritual, layout_chambers
Snake:4:  snake_pit, layout_grid_shapes, st_stairs_10
Orc:1:    layout_caves, uniq_fannar
Orc:2:    st_orc_ogre_mass, layout_caves, serial_shops, nicolae_shop_stone,
          uniq_nessos

Skill      XL: |  1  2  3  4  5  6  7  8  9 10 11 12 13 14 15 16 17 18 19 |
---------------+----------------------------------------------------------+-----
Fighting       | 3 4 5 6 7 9 10 12 13 14 15 16 | 16.3
Short Blades   | 3 4 5 6 7 8 10 | 10.3
Stealth        | 3 4 5 6 7 8 9 10 11 12 13 14 15 | 15.2
Dodging        | 3 4 5 6 7 8 9 10 | 10.7
Shields        | 1 2 3 4 5 |  5.0
Armour         | 1 2 3 4 5 6 8 10 11 12 13 14 | 14.8
Invocations    | 2 4 6 7 8 10 11 12 13 14 15 | 15.0
Unarmed Combat | |  0.2

Action                   |  1- 3 |  4- 6 |  7- 9 | 10-12 | 13-15 | 16-18 | 19-21 || total
-------------------------+-------+-------+-------+-------+-------+-------+-------++-------
Melee: Short sword       |    57 |       |       |   631 |  1009 |       |       ||  1697
       Bite              |    18 |    34 |   190 |   323 |   786 |   828 |   175 ||  2354
       Punch             |     1 |       |       |       |       |       |       ||     1
       Dagger            |    13 |   179 |   490 |   100 |       |       |       ||   782
       Rapier            |       |       |       |       |   561 |  1631 |   314 ||  2506
       Unarmed           |       |       |       |       |       |     2 |       ||     2
Invok: Heroism           |       |       |     2 |     3 |     7 |    12 |     2 ||    26
       Finesse           |       |       |       |     2 |     5 |     8 |     1 ||    16
  Use: Scroll            |     7 |     5 |     3 |    10 |     8 |     7 |       ||    40
       Potion            |     1 |     6 |     1 |     1 |       |     5 |       ||    14
 Stab: Sleeping          |     8 |    11 |    27 |    20 |     7 |    15 |    16 ||   104
       Distracted        |       |     1 |     1 |     1 |       |     8 |       ||    11
       Confused          |       |       |       |       |       |     1 |       ||     1
Armor: Robe              |    15 |     3 |       |       |       |       |       ||    18
       Skin              |       |    80 |       |       |       |       |       ||    80
       Ring mail         |       |    18 |   114 |   148 |       |       |       ||   280
       Gold dragon scale |       |       |       |    23 |       |       |       ||    23
       Chain mail        |       |       |       |    20 |   640 |   677 |   151 ||  1488
Dodge: Dodged            |    49 |    66 |   236 |   317 |   646 |   935 |   229 ||  2478
       Repelled          |       |       |       |       |     5 |    48 |     2 ||    55
Block: Buckler           |     3 |    42 |   103 |   300 |   660 |   894 |   201 ||  2203

Table legend: (Time is in decaauts)
 A = Elapsed time spent in this place.
 B = Non-inter-level travel time spent in this place.
 C = Inter-level travel time spent in this place.
 D = Time resting spent in this place.
 E = Time spent auto-exploring this place.
 F = Levels seen in this place.
 G = Mean time per level.
                   A        B        C        D        E       F      G
               +--------+--------+--------+--------+--------+-----+--------+
         Total |  30299 |  27900 |   2399 |   1592 |  19337 |  33 |  918.2 |
       Dungeon |  14461 |  13216 |   1245 |   1109 |   9581 |  15 |  964.1 |
        Temple |     69 |     50 |     19 |      0 |     40 |   1 |   69.0 |
          Lair |   6136 |   5588 |    548 |     44 |   3999 |   6 | 1022.7 |
         Swamp |   3337 |   3188 |    149 |    216 |   1775 |   4 |  834.2 |
     Snake Pit |   4421 |   4262 |    159 |    221 |   2913 |   4 | 1105.2 |
  Orcish Mines |   1633 |   1356 |    277 |      0 |    918 |   2 |  816.5 |
       Ossuary |    239 |    239 |      0 |      0 |    111 |   1 |  239.0 |
               +--------+--------+--------+--------+--------+-----+--------+

Top non-repeatable levels by time:
    D:11: 1463 daAuts
     D:1: 1423 daAuts
     D:4: 1385 daAuts
 Snake:4: 1322 daAuts
 Snake:1: 1238 daAuts
 Snake:3: 1197 daAuts
   Orc:2: 1157 daAuts
  Lair:3: 1150 daAuts
     D:2: 1131 daAuts
  Lair:4: 1103 daAuts
    D:10: 1065 daAuts
     D:7: 1056 daAuts
     D:9: 1045 daAuts
  Lair:1: 1032 daAuts
  Lair:2: 1032 daAuts
